AoeStats
← Fänncy

Arabia

510859125Analyzed
1v1 RM · 24h ago on Oct 2, 2026· 41m 25s· 2 players
Game mode
Random Map
Map size
Tiny (2 player)
Population
200
Speed
Normal
Resources
Standard
Victory
Conquest
Starting age
Dark Age
Ending age
Imperial Age
RankedLock teamsTeams togetherTeam positionsShared explorationLock speedFull tech treeHidden civsTurbo modeCheats
Victory
Defeat
🇦🇷 Tatars · Argentina
1103
+14
🇩🇪 Varangians · Germany
1064
-14
Fänncy
4:43 Loom
10:57 Feudal Age
11:27 Double-Bit Axe
11:26 Horse Collar
17:09 Bloodlines
19:33 Wheelbarrow
22:22 Castle Age
20:51 Gold Mining
21:21 Fletching
21:38 Stone Mining
22:29 Padded Archer Armor
23:28 Bodkin Arrow
24:55 Husbandry
25:35 Leather Archer Armor
28:28 Bow Saw
32:05 Squires
31:52 Arson
31:53 Gambesons
32:42 Ballistics
33:20 Hand Cart
36:01 Husbandry
35:25 Vendel Legacy
37:35 Scale Barding Armor
Sir Napien
7:10 Loom
10:04 Feudal Age
10:37 Double-Bit Axe
12:43 Town Watch
19:35 Castle Age
18:09 Horse Collar
19:21 Fletching
20:55 Bow Saw
24:09 Padded Archer Armor
25:27 Bodkin Arrow
28:41 Husbandry
28:59 Bloodlines
31:49 Leather Archer Armor
31:49 Scale Barding Armor
33:26 Wheelbarrow
32:48 Gold Mining
35:07 Heavy Plow
35:52 Ballistics
37:15 Chain Barding Armor
40:59 Imperial Age
41:40 Bracer
Connection lost

Rejoining the realm…

Still unreachable

The connection could not be restored.

Session expired

The server has moved on; the page needs a fresh start.